 Dungeon Crawl Stone Soup version 0.22-a0-157-g169b76a (webtiles) character file.

186 KristoblXynda the Slasher (level 5, -2/41 HPs)
             Began as a Draconian Gladiator on Feb 8, 2018.
             Slain by a wight
             ... wielding a +4 short sword
              (5 damage)
             ... on level 2 of the Dungeon.
             The game lasted 00:03:52 (1969 turns).

KristoblXynda the Slasher (Draconian Gladiator)     Turns: 1969, Time: 00:03:52

Health: -2/41      AC:  5    Str: 16    XL:     5   Next: 38%
Magic:  5/5        EV: 13    Int: 11    God:
Gold:   113        SH:  0    Dex: 13    Spells: 4/4 levels left

rFire    . . .     SeeInvis .   a - +1 long sword
rCold    . . .     Gourm    .   (no shield)
rNeg     . . .     Faith    .   (armour unavailable)
rPois    .         Spirit   .   b - +0 hat
rElec    .         Reflect  .   (no cloak)
rCorr    .         Harm     .   (no gloves)
MR       .....                  (no boots)
Stlth    +.........             (no amulet)
HPRegen  0.13/turn              j - +2 ring of intelligence
MPRegen  0.09/turn              (no ring)

@: drained
A: unfitting armour, cold-blooded, AC +5
a: no special abilities


You were on level 2 of the Dungeon.
You were not hungry.

You visited 1 branch of the dungeon, and saw 2 of its levels.

You collected 113 gold pieces.

Inventory:

Hand Weapons
 a - a +1 long sword (weapon)
Armour
 b - a +0 hat (worn)
Jewellery
 j - a +2 ring of intelligence (left hand)
Wands
 l - a wand of clouds (4)
Scrolls
 g - a scroll of teleportation
 h - a scroll of amnesia {unknown}
Potions
 k - 2 potions of invisibility
Comestibles
 d - 2 rations


   Skills:
 - Level 2.1(1.2) Fighting
 * Level 5.2(4.2) Long Blades
 - Level 2.0(1.1) Throwing
 + Level 3.9(2.9) Dodging


You had 4 spell levels left.
You didn't know any spells.

Dungeon Overview and Level Annotations

Branches:
Dungeon (2/15)

Altars:
Zin


Innate Abilities, Weirdness & Mutations

Your plain brown scales are hard. (AC +5)
You cannot fit into any form of body armour.
You are cold-blooded and may be slowed by cold attacks.


Message History

You hit the wight.
The wight is lightly damaged.
The wight struggles against the net.
You barely miss the wight.
The wight is lightly damaged.
The wight struggles against the net.
You catch the helpless wight completely off-guard!
You hit the wight but do no damage.
The wight is lightly damaged.
The wight struggles against the net.
The net rips apart, and the wight comes free!
You hit the wight.
Your tail-slap misses the wight.
The wight is heavily damaged.
The wight barely misses you.
You hit the wight but do no damage.
The wight is heavily damaged.
The wight hits you with an enchanted short sword!
* * * LOW HITPOINT WARNING * * *
You feel drained.
You die...

##################.# #.#
.........>......(#.###########.#
.....####.######.#.#...........#
.....# #.# #.#.#.###########
....z####.# #.#.)(#######
)....'.##.# #.#.#.......#
.....#.##.#*** #.###(###.###
.....#.##..,,*
#z#...(.#.########
.....#,z#..,,*
#@#.#.#.......)<..
######*.#,,,,*
#.#.#.#...######## .# *,.,,,,*
#.#.#.....#### .# **,,,,,*
#.#.#....(...# .##### *,,,,,*
#.#.#.#..###.# .....# **,,,,*
#.#.#.....##.# .....# *,,,,*
#.#.#####.##.# .....#
*,,,,**#.#.....#.##.# .....#
*,,,,,,,,#####.#.##.#


You could see a wight.

Vanquished Creatures
  2 wights (D:2)
  Robin (D:1)
  3 gnolls (D:2)
  An adder (D:2)
  2 worms (D:2)
  A dart slug (D:1)
  A leopard gecko (D:2)
  An orc (D:2)
  4 bats
  A giant cockroach (D:2)
  11 hobgoblins
  2 jackals (D:1)
  3 kobolds (D:1)
  A ball python (D:2)
  3 frilled lizards
  6 goblins
  3 rats
  A plant (D:1)
47 creatures vanquished.

Notes
Turn   | Place    | Note
-------+----------+-------------------------------------------
     0 | D:1      | KristoblXynda the Draconian Gladiator began the quest for the Orb.
     0 | D:1      | Reached XP level 1. HP: 17/17 MP: 1/1
   219 | D:1      | Reached XP level 2. HP: 24/24 MP: 2/2
   957 | D:2      | Noticed Robin
   989 | D:1      | Killed Robin
   989 | D:1      | Reached XP level 3. HP: 15/29 MP: 3/3
  1279 | D:2      | Reached skill level 4 in Long Blades
  1394 | D:2      | Found a glowing silver altar of Zin.
  1395 | D:2      | Noticed an angel
  1553 | D:2      | Reached XP level 4. HP: 35/36 MP: 4/4
  1918 | D:2      | Reached XP level 5. HP: 27/41 MP: 5/5
  1961 | D:2      | Reached skill level 5 in Long Blades
  1969 | D:2      | Slain by a wight

Vault maps used:
D:1:      lemuel_arrival_rhombus, serial_forest, infiniplex_forest_pool,
          infiniplex_forest_clump_cross, infiniplex_forest_clump_curved,
          infiniplex_forest_join, infiniplex_forest_straight_2,
          minmay_misc_feat_pillars
D:2:      zin_angel, uniq_robin

Skill      XL: |  1  2  3  4  5 |
---------------+----------------+-----
Throwing       | 2 |  2.0
Dodging        | 3 |  3.9
Long Blades    | 4 5 |  5.2
Fighting       | |  2.1

Action                   |  1- 3 |  4- 6 || total
-------------------------+-------+-------++-------
Melee: Long sword        |   148 |    41 ||   189
       Tailslap          |    23 |     6 ||    29
Throw: Throwing net      |       |     6 ||     6
Evoke: Wand              |       |     1 ||     1
  Use: Potion            |     1 |       ||     1
       Scroll            |     3 |     3 ||     6
 Stab: Held in net/web   |       |     3 ||     3
  Eat: Ration            |     1 |       ||     1
       Chunk             |     1 |       ||     1
Armor: Skin              |    40 |     5 ||    45
Dodge: Dodged            |    95 |    24 ||   119
       Rpst.: Long sword |    22 |    11 ||    33

Table legend:
 A = Spawn XP
 B = Non-spawn XP
 C = Spawn XP percentage of total XP
 D = Spawn monster count
 E = Non-spawn monster count
 F = Spawn count percentage of total count
 G = Total turns spent on level
                    A         B        C        D         E        F      G
               +---------+---------+-------+---------+---------+-------+---------
         Total |       0 |     266 |   0.0 |       0 |      46 |   0.0 |  1969
               +---------+---------+-------+---------+---------+-------+---------
           D:1 |       0 |      48 |   0.0 |       0 |      19 |   0.0 |  1102
           D:2 |       0 |     218 |   0.0 |       0 |      27 |   0.0 |   867
               +---------+---------+-------+---------+---------+-------+---------
